Map: Honorgrounds LE

Players

Musumeci - Winner!

  • Race: Zerg Zerg
  • League: Diamond
  • Spawn Location: 11:00

Reveral

  • Race: Terran Terran
  • League: Diamond
  • Spawn Location: 7:00

VOD

Have the link to the VOD?

Description

Time

  • Played on: Feb. 1, 2017, 1:30 p.m.
  • Length: 13:59
Show
View Real Time Build Order
Export as new Build Order

Musumeci Zerg - Winner!

Build Orders: Hatch First 

Get SALT Encoding   

  12  0:08  Drone  
  12  0:09  Drone  
  14  0:14  Extractor  
  14  0:15  Drone  
  15  0:41  Hatchery  
  14  0:52  Drone, Extractor  
  15  1:11  Spawning Pool  
  14  1:12  Drone, Extractor  
  14  1:13  Extractor  
  14  1:14  Drone  
  16  1:20  Overlord  
  16  1:38  Drone x2  
  18  1:44  Drone  
  19  1:53  Drone  
  20  1:56  Drone  
  20  1:57  Queen  
  20  2:01  Queen  
  23  2:07  Overlord  
  25  2:12  Drone  
  25  2:17  Drone x2  
  27  2:33  Queen  
  27  2:36  Queen  
  29  2:41  Overlord  
  29  2:43  Drone  
  29  2:44  Drone  
  33  2:47  Drone x2  
  33  2:49  Drone  
  36  2:57  Overlord  
  36  2:59  Drone  
  36  3:05  Drone  
  38  3:06  Drone x2  
  38  3:08  Overlord  
  40  3:26  Drone x3, Extractor  
  40  3:27  Drone x2, Extractor, Roach Warren  
  44  3:33  Drone  
  43  3:44  Hatchery  
  42  3:57  Drone x2  
  42  3:58  Drone x4  
  42  3:59  Evolution Chamber  
  42  4:00  Evolution Chamber  
  46  4:07  Roach x3  
  52  4:11  Roach  
  52  4:14  Drone x2  
  56  4:32  Spore Crawler  
  56  4:34  Drone, Spore Crawler  
  56  4:35  Drone x4  
  56  4:36  Spore Crawler  
  58  4:39  Spore Crawler  
  57  4:58  Drone x3, Extractor  
  59  5:01  Lair  
  59  5:02  Drone x2  
  59  5:03  Drone, Extractor  
  59  5:04  Overlord x3  
  61  5:18  Zergling x2  
  62  5:28  Roach x9  
  80  5:38  Drone x4  
  80  5:39  Drone  
  80  5:42  Overlord x2  
  85  5:46  Zerg Missile Weapons Level 1  
  85  6:02  Extractor  
  85  6:03  Drone  
  85  6:04  Drone x8  
  92  6:06  Extractor  
  92  6:07  Glial Reconstitution  
  92  6:13  Drone x3  
  92  6:15  Drone x2  
  92  6:16  Drone  
  92  6:17  Drone  
  99  6:26  Ravager x5  
  99  6:27  Overlord x2  
  99  6:30  Zerg Ground Armor Level 1  
  103  6:48  Drone x2  
  105  6:57  Roach x8  
  121  7:02  Hatchery  
  115  7:08  Ravager x2  
  115  7:09  Ravager x3  
  115  7:12  Overlord x4  
  117  7:39  Roach x8  
  117  7:40  Roach  
  135  7:51  Roach x5  
  123  7:58  Roach  
  123  7:59  Roach  
  123  8:03  Ravager  
  123  8:04  Ravager x3  
  127  8:11  Roach  
  127  8:12  Roach x2  
  133  8:13  Overlord x2  
  133  8:16  Ravager  
  134  8:32  Roach x8  
  134  8:33  Roach x4  
  130  8:44  Zerg Missile Weapons Level 2, Zerg Ground Armor Level 2  
  130  9:01  Roach x8  
  130  9:02  Roach x4  
  154  9:08  Overlord x2  
  154  9:09  Extractor  
  153  9:11  Extractor  
  152  9:24  Roach x7  
  142  9:58  Queen  
  142  9:59  Spore Crawler  
  139  10:00  Spore Crawler  
  139  10:01  Spore Crawler  
  137  10:08  Drone  
  137  10:09  Drone x6  
  144  10:16  Infestation Pit  
  143  10:23  Ravager x18  
  143  10:25  Drone x4  
  165  10:35  Overlord x4  
  165  10:52  Roach x9  
  165  10:54  Extractor x2  
  165  10:55  Roach  
  165  10:56  Hatchery, Roach x8  
  136  11:42  Roach x8  
  136  11:43  Roach x10  
  155  11:57  Hatchery, Ravager  
  155  12:02  Ravager x5  
  155  12:03  Ravager x8  
  155  12:05  Hatchery  
  161  12:26  Spore Crawler  
  161  12:29  Drone x2  
  163  12:30  Drone  
  163  12:36  Spore Crawler  
  162  12:45  Roach, Extractor  
  162  12:46  Roach x11  
  176  12:59  Roach x3  
  179  13:24  Roach x4  
  179  13:25  Roach x8  
  188  13:29  Ravager  
  188  13:30  Ravager x7  
Show
View Real Time Build Order
Export as new Build Order

Reveral Terran 

Build Orders: Reaper Expand, Bio Tank 

Get SALT Encoding   

  12  0:01  SCV  
  13  0:13  SCV  
  14  0:18  Supply Depot  
  14  0:25  SCV  
  15  0:40  SCV  
  16  0:43  Barracks  
  16  0:46  Refinery  
  16  0:52  SCV  
  17  1:04  SCV  
  18  1:16  SCV  
  19  1:29  Orbital Command  
  19  1:30  Reaper  
  20  1:46  Command Center  
  20  1:58  Barracks  
  20  2:00  SCV  
  21  2:04  Barracks Reactor  
  21  2:18  SCV  
  21  2:20  Refinery  
  22  2:25  Factory  
  22  2:30  SCV  
  23  2:45  Barracks Tech Lab  
  23  2:50  Supply Depot  
  23  2:57  Marine x2  
  23  2:58  SCV  
  26  3:04  Orbital Command  
  26  3:10  SCV  
  26  3:11  Starport, Marine  
  28  3:14  Factory Reactor  
  28  3:22  SCV  
  29  3:29  Marine  
  29  3:30  Marine  
  29  3:32  Stimpack  
  31  3:34  SCV  
  31  3:35  Marine  
  33  3:45  SCV  
  33  3:47  Marine x2  
  36  3:59  SCV x2  
  42  4:11  SCV, Marine x2  
  42  4:12  Marine  
  42  4:24  Medivac  
  42  4:25  Medivac  
  42  4:27  Factory Reactor  
  46  4:32  Supply Depot  
  46  4:34  SCV x2  
  48  4:40  Supply Depot  
  48  4:44  Factory Tech Lab  
  47  4:46  Marauder, SCV, Marine x2  
  47  4:47  SCV  
  53  4:56  Medivac  
  53  4:58  SCV  
  53  4:59  SCV  
  57  5:02  Refinery  
  57  5:03  Refinery  
  57  5:05  Siege Tank  
  60  5:07  Marine  
  60  5:10  SCV  
  60  5:11  Marauder, SCV  
  60  5:12  Marine  
  66  5:16  Supply Depot  
  66  5:20  Supply Depot  
  66  5:23  SCV x2  
  66  5:28  Medivac  
  70  5:38  SCV x2  
  72  5:43  Supply Depot  
  72  5:45  Supply Depot  
  72  5:47  Engineering Bay  
  72  5:48  Marauder, Marine  
  72  5:49  Marine, Engineering Bay  
  76  5:50  SCV  
  76  5:53  SCV  
  78  5:59  Siege Tank  
  78  6:02  Medivac  
  78  6:03  Medivac  
  85  6:05  SCV x2  
  87  6:15  Supply Depot  
  87  6:16  Terran Infantry Weapons Level 1  
  87  6:17  SCV x2  
  87  6:18  Terran Infantry Armor Level 1  
  89  6:23  Marauder  
  89  6:24  Supply Depot  
  91  6:32  Siege Tank  
  94  6:36  SCV x2  
  96  6:46  Command Center  
  96  6:49  SCV x2  
  96  6:52  Marauder, Marine x2  
  91  7:10  Marine x2  
  91  7:14  Marauder  
  94  7:28  Marine  
  95  7:34  Medivac x2  
  95  7:35  Marauder, Siege Tank  
  101  7:44  Barracks  
  101  7:45  Barracks  
  101  7:46  Barracks  
  101  7:47  Supply Depot  
  101  7:48  Supply Depot  
  101  7:49  Barracks  
  101  7:50  Barracks  
  97  8:05  Marine x2  
  96  8:06  Marauder  
  96  8:07  Siege Tank  
  103  8:13  Medivac x2  
  107  8:23  Armory  
  98  8:35  Marauder, Barracks Tech Lab  
  98  8:36  Barracks Reactor x3  
  98  8:37  Barracks Tech Lab  
  89  8:42  Siege Tank  
  92  8:51  Marine x2  
  92  8:54  SCV x2  
  92  8:55  Orbital Command  
  96  8:56  Marauder  
  96  9:01  Marauder x2  
  102  9:09  SCV  
  103  9:12  Refinery x2  
  103  9:13  Marine  
  103  9:14  Marine, Siege Tank  
  103  9:15  Marine  
  109  9:18  Marauder  
  109  9:23  Marauder x2  
  115  9:26  Marine  
  115  9:27  Marine  
  106  9:39  Marauder  
  106  9:44  Marauder x2  
  105  9:48  Marine x8  
  106  9:53  Medivac x2  
  100  10:00  Siege Tank  
  100  10:01  Marauder  
  100  10:05  Marauder, Marine  
  100  10:06  Marauder, Marine  
  111  10:07  Marine x2  
  111  10:08  Command Center  
  113  10:14  Terran Infantry Weapons Level 2  
  113  10:18  Marine x4  
  117  10:22  Marauder  
  117  10:23  Marine x2, Medivac  
  117  10:24  Marine, Combat Shields  
  117  10:26  Concussive Shells  
  117  10:27  Marauder  
  126  10:29  Marine x2  
  128  10:36  Marine x4  
  128  10:41  Marine x2  
  128  10:42  Marine  
  134  10:44  Supply Depot  
  134  10:45  Supply Depot  
  134  10:46  Terran Infantry Armor Level 2  
  134  10:48  Marauder  
  134  10:49  Marauder  
  141  10:50  Marauder  
  141  10:58  Marine x4  
  145  11:08  Marine  
  145  11:09  Siege Tank  
  140  11:21  Marine x2  
  142  11:30  Marine x2  
  117  11:42  Marine x2  
  117  11:43  Marauder x3, Medivac  
  117  11:44  Medivac  
  86  11:55  Command Center  
  86  11:58  Siege Tank  
  89  12:04  Marauder  
  91  12:09  Command Center  
  91  12:10  Marine x3  
  91  12:11  Marine x3  
  91  12:12  Marauder  
  91  12:13  Marauder, Medivac  
  91  12:14  Medivac  
  82  12:23  Marine x2  
  82  12:25  Marauder  
  84  12:30  SCV x2, Siege Tank  
  84  12:31  SCV  
  84  12:34  Marauder  
  92  12:37  Marine  
  92  12:38  Marine x3  
  92  12:39  Marauder  
  92  12:42  SCV, Marine x2  
  92  12:43  Medivac  
  92  12:44  Marine, Medivac  
  105  12:47  Marauder  
  108  12:55  Marauder  
  96  12:59  Marine x2  
  96  13:00  Marauder  
  88  13:08  Marauder  
  88  13:12  Marine x2  
  79  13:13  Medivac  
  79  13:17  Marauder  
  78  13:22  Marauder  
  66  13:29  Marine  
  66  13:30  Marauder  
  69  13:35  Marine  
Tags
 
Add a new tag
Caveats
  • Supply blocks, unpowered buildings, or Contaminate may cause inaccurate times.
  • Supply counts are checked every 10 seconds.